 Dungeon Crawl Stone Soup version 0.29-a0-422-gafbd6decc1 (webtiles) character file.

Game seed: 12227398634170292315

21 xian the Vexing (level 2, -1/19 HPs)
             Began as a Demonspawn Enchanter on May 18, 2022.
             Slain by a kobold
             ... wielding a +0 whip
              (3 damage)
             ... on level 2 of the Dungeon.
             The game lasted 00:03:13 (1608 turns).

xian the Vexing (Demonspawn Enchanter)              Turns: 1608, Time: 00:03:13

Health: -1/19      AC:  4    Str:  8    XL:     2   Next: 62%
Magic:  5/5        EV: 12    Int: 16    God:
Gold:   77         SH:  0    Dex: 13    Spells: 5/5 levels left

rFire   . . .      SeeInvis .   a - +1 dagger
rCold   . . .      Faith    .   (no shield)
rNeg    . . .      Spirit   .   b - +0 robe
rPois   .          Reflect  .   (no helmet)
rElec   .          Harm     .   (no cloak)
rCorr   .          Rampage  .   (no gloves)
Will    .....                   (no boots)
Stlth   ++........              (no amulet)
HPRegen 0.06/turn               (no ring)
MPRegen 0.09/turn               (no ring)

@: no status effects
A: yellow scales 1
a: no special abilities


You were on level 2 of the Dungeon.
You visited 1 branch of the dungeon, and saw 2 of its levels.

You collected 77 gold pieces.

Inventory:

Hand Weapons
 a - a +1 dagger (weapon)
Missiles
 e - 2 poisoned darts (quivered)
Armour
 b - a +0 robe (worn)
Scrolls
 f - a scroll of amnesia {unknown}
 i - 3 scrolls of teleportation {unknown}
 l - a scroll of enchant armour {unknown}
Potions
 c - 2 potions of invisibility
 d - 3 potions of cancellation {unknown}
 g - 2 potions of flight {unknown}
 h - 2 potions of degeneration {unknown}
 j - a potion of ambrosia {unknown}
 k - 4 potions of curing {unknown}
 m - a potion of lignification {unknown}


   Skills:
 + Level 0.8 Short Blades
 + Level 0.1 Throwing
 + Level 1.7 Dodging
 + Level 3.2 Stealth
 + Level 2.1 Spellcasting
 + Level 3.3 Hexes


You had 5 spell levels left.
You didn't know any spells.
Your spell library contained the following spells:

 Spells                   Type           Power      Damage    Failure   Level
 Ensorcelled Hibernation  Hex/Ice        14%        N/A       16%         2
 Confusing Touch          Hex            12%        N/A       16%         3
 Tukima's Dance           Hex            12%        N/A       16%         3
 Dazzling Flash           Conj/Hex       14%        N/A       30%         3


Dungeon Overview and Level Annotations

Branches:
Dungeon (2/15)

Altars:


Innate Abilities, Weirdness & Mutations

You are partially covered in yellow scales. (AC +2)


Message History

The helpless frilled lizard fails to defend itself.
You puncture the frilled lizard!
You kill the frilled lizard!
A gnoll comes into view. It is wielding a +0 whip.
The gnoll shouts!
A gnoll comes into view. It is wielding a +0 club.
The gnoll shouts!
You hear a shout!
The kobold shouts!
A gnoll comes into view. It is wielding a +0 whip.
The gnoll shouts!
A bat comes into view.
A gnoll comes into view.
It is wielding a +0 whip of electrocution.
You see here 16 gold pieces.
You throw a poisoned dart. The poisoned dart hits the gnoll.
You throw a poisoned dart.
The poisoned dart barely misses the gnoll.
The poisoned dart hits the gnoll.
The gnoll is poisoned.
You throw a poisoned dart.
The poisoned dart closely misses the gnoll. x2
The gnoll shouts!
The gnoll hits you but does no damage.
You hit the gnoll.
The gnoll is moderately wounded.
The gnoll hits you with a +0 whip. The kobold hits you with a +0 whip.
You hit the gnoll but do no damage.
The gnoll is moderately wounded.
The gnoll hits you with a +0 club. The gnoll closely misses you.
The kobold hits you but does no damage.
You hit the gnoll.
The gnoll is moderately wounded.
The gnoll looks more healthy.
The kobold misses you. The gnoll misses you. The gnoll hits you with a +0 club.
* * * LOW HITPOINT WARNING * * *
The gnoll attacks as you move away! The gnoll hits you with a +0 club.
* * * LOW HITPOINT WARNING * * *
The gnoll attacks as you move away! The gnoll closely misses you.
The bat barely misses you. The kobold hits you but does no damage.
The gnoll misses you. The gnoll attacks as you move away!
The gnoll barely misses you. The kobold attacks as you move away!
The kobold hits you with a +0 whip.
You die...

#.....# #.....# ###
###################.....# ..>.
........................#
....#########.###########.....#
.........# #.# #.....#
.........####.## ######..##
...............+ ..........
...)........gg@# ..........
g.......[...g.K# .#######.#
....#####((...g# #†. ...
#.....b# #.. .. #......# ##. #
#......# ######. #......#
....... #......# #######
#......# ##


You could see 4 gnolls, a bat and a kobold.

Vanquished Creatures
  2 endoplasms (D:1)
  4 giant cockroaches (D:1)
  3 goblins
  3 hobgoblins
  A ball python (D:2)
  A bat (D:2)
  2 frilled lizards
  2 kobolds (D:1)
18 creatures vanquished.

Notes
Turn   | Place    | Note
-------+----------+-------------------------------------------
     0 | D:1      | xian the Demonspawn Enchanter began the quest for the Orb.
     0 | D:1      | Reached XP level 1. HP: 13/13 MP: 3/3
     2 | D:1      | Noticed a formicid
     4 | D:1      | Noticed a vampire
     6 | D:1      | Noticed a demigod
     8 | D:1      | Noticed a tengu
     8 | D:1      | Noticed a dwarf
    10 | D:1      | Noticed a ghoul
    12 | D:1      | Noticed a naga
    14 | D:1      | Noticed an ogre
    14 | D:1      | Noticed a draconian
    16 | D:1      | Noticed a felid
    16 | D:1      | Noticed a demonspawn
    18 | D:1      | Noticed a human
    18 | D:1      | Noticed a gargoyle
    48 | D:1      | Noticed an elf
    48 | D:1      | Noticed a spriggan
    50 | D:1      | Noticed a troll
    50 | D:1      | Noticed a vine stalker
    52 | D:1      | Noticed a minotaur
    52 | D:1      | Noticed a merfolk
    54 | D:1      | Noticed an octopode
   577 | D:1      | Gained mutation: You are partially covered in yellow
                  | scales. (AC +2) [demonic ancestry]
   577 | D:1      | Reached XP level 2. HP: 19/19 MP: 5/5
   613 | D:1      | Found a faded altar of an unknown god.
  1608 | D:2      | Slain by a kobold

Illustrated notes

Levels and vault maps discovered:
D:1:      kb_arrival_jail, layout_loops_ring,
          hellmonk_ecumenical_altar_leap_of_faith, minmay_worlds_worst_comb
D:2:      layout_basic

Skill      XL: |  1  2 |
---------------+-------+-----
Stealth        | 3 |  3.2
Short Blades   | |  0.8
Throwing       | |  0.1
Dodging        | |  1.7
Spellcasting   | |  2.1
Hexes          | |  3.3

Action                   || total
-------------------------++-------
Melee: Dagger            ||    60
Throw: Stone             ||    17
       Dart              ||     3
 Stab: Sleeping          ||     5
Armor: Robe              ||    15
Dodge: Dodged            ||    45

Table legend: (Time is in decaauts)
 A = Elapsed time spent in this place.
 B = Non-inter-level travel time spent in this place.
 C = Inter-level travel time spent in this place.
 D = Time resting spent in this place.
 E = Time spent auto-exploring this place.
 F = Levels seen in this place.
 G = Mean time per level.
                   A        B        C        D        E       F      G
               +--------+--------+--------+--------+--------+-----+--------+
         Total |   1606 |   1581 |     25 |      0 |   1244 |   2 |  803.0 |
       Dungeon |   1606 |   1581 |     25 |      0 |   1244 |   2 |  803.0 |
               +--------+--------+--------+--------+--------+-----+--------+

Top non-repeatable levels by time:
     D:1: 1266 daAuts
     D:2: 339 daAuts
